[Event "Early-Titled-Tuesday-Blitz-March-19-2024"]
[Site "Chess.com"]
[Date "2024.03.19"]
[Round "2"]
[White "musclemonster12"]
[Black "MarcoRiehle"]
[Result "0-1"]
[WhiteElo "2560"]
[BlackElo "2811"]
[TimeControl "180+1"]
[EndTime "8:16:25 PDT"]
[Termination "MarcoRiehle won by resignation"]

1. e4 e5 2. Nf3 Nf6 3. Nc3 Nc6 4. d4 exd4 5. Nxd4 Nxe4 6. Nxe4 Qe7 7. f3 d5 8. Bb5 Bd7 9. Bxc6 bxc6 10. O-O dxe4 11.
Re1 O-O-O 12. Rxe4 Qb4 13. c3 Qb6 14. Qb3 f5 15. Re1 c5 16. Ne6 Re8 17. Qd5 Rxe6 18. Bg5 Rxe1+ 19. Rxe1 Qc6 20. Qf7 Qg6 21. Qc4 Qxg5 22.
Qa6+ Kb8 0-1

[Event "Early-Titled-Tuesday-Blitz-March-19-2024"]
[Site "Chess.com"]
[Date "2024.03.19"]
[Round "2"]
[White "Al_Shima"]
[Black "Bala-Afiada"]
[Result "1-0"]
[WhiteElo "2451"]
[BlackElo "1861"]
[TimeControl "180+1"]
[EndTime "8:16:25 PDT"]
[Termination "Al_Shima won on time"]

1. e4 c5 2. Nf3 Nc6 3. Bb5 d6 4. O-O Nf6 5. Re1 e5 6. c3 Bg4 7. h3 Bxf3 8. Qxf3 Be7 9. d3 O-O 10. Bg5 Qc7 11. Nd2 a6 12. Bc4 b5 13. Bb3 h6 14. Bh4 Nh7 15. Bg3 Ng5 16. Qe2 b4 17. Nf1 a5 18. Ne3 a4 19. Bd5 Rab8 20. Nf5 Bf6 21.
Qg4 Ne7 22. h4 Nh7 23. Nxh6+ Kh8 24. Nxf7+ Rxf7 25. Bxf7 Ng8 26. Bxg8 Kxg8 27. h5 Rf8 28. Bh4 Bxh4 29. Qxh4 Qf7 30. Re3 Nf6 31. h6 1-0

[Event "Early-Titled-Tuesday-Blitz-March-19-2024"]
[Site "Chess.com"]
[Date "2024.03.19"]
[Round "2"]
[White "ViktoriyaTarasova"]
[Black "TERMINATOR_PC"]
[Result "0-1"]
[WhiteElo "2314"]
[BlackElo "2550"]
[TimeControl "180+1"]
[EndTime "8:16:26 PDT"]
[Termination "TERMINATOR_PC won by checkmate"]

1. d4 Nf6 2. c4 e6 3. Nc3 Bb4 4. e3 O-O 5. Bd3 d5 6. cxd5 exd5 7. Ne2 b6 8. O-O Ba6 9. Ng3 Bxd3 10. Qxd3 Bxc3 11.
bxc3 Nbd7 12. c4 dxc4 13. Qxc4 c5 14. Ba3 Rc8 15. Rac1 Re8 16. Qa6 Qc7 17. Rfd1 h5 18.
dxc5 bxc5 19. Nf5 Re6 20. Qe2 Rb8 21. Rd3 Qe5 22. Ng3 h4 23. Nf1 h3 24. g3 Qe4 25. f3 Qa4 26. e4 Reb6 27. Ne3 Rb1 28. Qe1 Rxc1 29. Qxc1 Ne5 30. Rc3 Nxf3+ 31. Kh1 Nxe4 32.
Rc4 Nf2# 0-1

[Event "Early-Titled-Tuesday-Blitz-March-19-2024"]
[Site "Chess.com"]
[Date "2024.03.19"]
[Round "2"]
[White "Perecke"]
[Black "Jumbo"]
[Result "0-1"]
[WhiteElo "2620"]
[BlackElo "2905"]
[TimeControl "180+1"]
[EndTime "8:16:27 PDT"]
[Termination "Jumbo won by resignation"]

1. e4 c5 2. Nf3 d6 3. d4 cxd4 4. Nxd4 Nf6 5. Nc3 Nc6 6. Bg5 Bd7 7. Qd2 Rc8 8. O-O-O Nxd4 9. Qxd4 Qa5 10. Bxf6 gxf6 11. Kb1 Qc5 12. Qd2 h5 13. f4 f5 14. e5 e6 15. exd6 Bg7 16. Nb5 O-O 17. Nc7 Rfd8 18. Be2 Ba4 19. b3 Rxc7 20. bxa4 Rxd6 0-1

[Event "Early-Titled-Tuesday-Blitz-March-19-2024"]
[Site "Chess.com"]
[Date "2024.03.19"]
[Round "2"]
[White "Zurability"]
[Black "Road2GM3000"]
[Result "1-0"]
[WhiteElo "2733"]
[BlackElo "2422"]
[TimeControl "180+1"]
[EndTime "8:16:27 PDT"]
[Termination "Zurability won by resignation"]

1. Nf3 d5 2. g3 c6 3. Bg2 Nf6 4. O-O Bg4 5. d3 e6 6. Nbd2 Be7 7. e4 O-O 8. h3 Bxf3 9. Qxf3 Nbd7 10. Qe2 Qb6 11.
Kh2 e5 12. f4 exf4 13. gxf4 Rfe8 14. e5 Bd6 15. Nf3 Nh5 16. Ng5 g6 17. Be3 d4 18.
Bd2 Nxe5 19. Ne4 f5 20. fxe5 Bxe5+ 21. Kg1 fxe4 22. Bxe4 Ng3 23. Qg4 Nxf1 24. Rxf1 Rf8 25. Qe6+ Kg7 26. Qxe5+ Kg8 27. Rxf8+ Rxf8 28. Bh6 1-0

[Event "Early-Titled-Tuesday-Blitz-March-19-2024"]
[Site "Chess.com"]
[Date "2024.03.19"]
[Round "2"]
[White "ImportedItalianMaple"]
[Black "DarZay"]
[Result "0-1"]
[WhiteElo "2536"]
[BlackElo "2339"]
[TimeControl "180+1"]
[EndTime "8:16:27 PDT"]
[Termination "DarZay won by resignation"]

1. Nf3 Nf6 2. g3 d5 3. Bg2 c5 4. O-O Nc6 5. d4 e6 6. c4 Be7 7.
cxd5 exd5 8. dxc5 Bxc5 9. a3 a6 10. b4 Bb6 11. Nc3 h6 12. Bb2 Be6 13. Na4 Ba7 14. Rc1 O-O 15. Nc5 Ne4 16. Nxb7 Qc7 17. Na5 Bxf2+ 18. Rxf2 Qb6 19. Nd4 Nxf2 20. Kxf2 Nxa5 21.
e3 Nc4 22. Bc3 Qd8 23. Qd3 Qd6 24. Kg1 Rac8 25. a4 Ne5 26. Qd2 Ng4 27. Nxe6 fxe6 28.
Qd4 Nf6 29. e4 e5 30. Qd3 Qb6+ 31. Kh1 d4 32. Bd2 Rxc1+ 33. Bxc1 Qxb4 34. Qxa6 Qe1+ 35. Qf1 Qxf1+ 36. Bxf1 Nxe4 37. Bc4+ Kh8 38. Kg2 Rc8 39. Bd5 Nf6 0-1

[Event "Early-Titled-Tuesday-Blitz-March-19-2024"]
[Site "Chess.com"]
[Date "2024.03.19"]
[Round "2"]
[White "Szparu"]
[Black "HajiyevKanan"]
[Result "1-0"]
[WhiteElo "2807"]
[BlackElo "2521"]
[TimeControl "180+1"]
[EndTime "8:16:28 PDT"]
[Termination "Szparu won by resignation"]

1. e4 c6 2. d4 d5 3. exd5 cxd5 4. c4 e6 5. Nc3 Nf6 6. Nf3 Bb4 7. cxd5 Nxd5 8. Bd2 Nc6 9. Bd3 O-O 10.
O-O Nf6 11. Be3 b6 12. Qc2 Bb7 13. Rad1 Rc8 14. Qb1 Ne7 15. Ng5 Bxc3 16. Bxh7+ Kh8 17. bxc3 Qd5 18. f3 Rxc3 19. Be4 Nxe4 20. fxe4 Qd7 21. Rd3 Rxd3 22. Qxd3 Kg8 23. d5 exd5 24. e5 Ng6 25.
Rxf7 Rxf7 26. e6 Qd6 27. Qxg6 Rf6 28. Qh7+ Kf8 29. Qh8+ Ke7 30. Qxg7+ Ke8 31. Qxf6 d4 32. Qf7+ Kd8 33. Qxb7 dxe3 34. Nf7+ 1-0

[Event "Early-Titled-Tuesday-Blitz-March-19-2024"]
[Site "Chess.com"]
[Date "2024.03.19"]
[Round "2"]
[White "SAInt_666"]
[Black "Viktor_Poddubnyi"]
[Result "1-0"]
[WhiteElo "2748"]
[BlackElo "2313"]
[TimeControl "180+1"]
[EndTime "8:16:31 PDT"]
[Termination "SAInt_666 won by resignation"]

1. d4 g6 2. e4 Bg7 3. Nf3 d6 4. Be3 Nf6 5. Nc3 c6 6. Qd2 b5 7. Bd3 Nbd7 8. Bh6 Bxh6 9. Qxh6 e5 10. a4 b4 11. Ne2 Bb7 12. O-O a5 13. c3 c5 14. dxe5 dxe5 15. Ng3 Ng4 16. Qd2 O-O 17.
h3 Ngf6 18. Qe2 Qe7 19. Bb5 Rfd8 20. Rfd1 Nf8 21. Qe3 Kg7 22. Qg5 h6 23. Nf5+ 1-0

[Event "Early-Titled-Tuesday-Blitz-March-19-2024"]
[Site "Chess.com"]
[Date "2024.03.19"]
[Round "2"]
[White "gorgeous1083"]
[Black "ccccvhhhj"]
[Result "0-1"]
[WhiteElo "2071"]
[BlackElo "2465"]
[TimeControl "180+1"]
[EndTime "8:16:32 PDT"]
[Termination "ccccvhhhj won on time"]

1. d4 e5 2. dxe5 d6 3. exd6 Bxd6 4. Nf3 Nc6 5. Nc3 Bg4 6. e3 Qe7 7. Be2 O-O-O 8. Bd2 Nf6 9. h3 Bf5 10. Bd3 Bxd3 11.
cxd3 Ne5 12. d4 Nc4 13. Qc2 Kb8 14. O-O h6 15. b3 Nxd2 16. Nxd2 g5 17. Nce4 Nd5 18.
Nxd6 Qxd6 19. Rfc1 h5 20. Qc5 Qe6 21. e4 Nf4 22.
Qxc7+ Ka8 23. Qc4 Qf6 24. e5 Qf5 25. Qc2 Qe6 26. Qe4 Rxd4 27. Qe3 Rhd8 28. Nf3 Rd3 29. Qe4 f5 30. Qe1 Nxh3+ 0-1

[Event "Early-Titled-Tuesday-Blitz-March-19-2024"]
[Site "Chess.com"]
[Date "2024.03.19"]
[Round "2"]
[White "LuisFSiles"]
[Black "chess94cu"]
[Result "0-1"]
[WhiteElo "2282"]
[BlackElo "2634"]
[TimeControl "180+1"]
[EndTime "8:16:33 PDT"]
[Termination "chess94cu won by resignation"]

1. e4 c6 2. d4 d5 3. exd5 cxd5 4. c4 Nf6 5. Nc3 e6 6. Nf3 Bb4 7. cxd5 Nxd5 8. Bd2 Nc6 9. Bd3 Be7 10. O-O O-O 11. Re1 Bf6 12. Be3 Nce7 13. Ne4 b6 14. Ne5 Bb7 15. Qh5 Ng6 16. Bg5 Bxg5 17. Nxg5 Nf6 18.
Qd1 Nf4 19. Re3 Nxg2 20. Rh3 h6 21. Rg3 Nf4 22. Qd2 hxg5 23. Rxg5 Nh3+ 0-1

[Event "Early-Titled-Tuesday-Blitz-March-19-2024"]
[Site "Chess.com"]
[Date "2024.03.19"]
[Round "2"]
[White "ajedrezsinlimites"]
[Black "Eagle_2019"]
[Result "0-1"]
[WhiteElo "2606"]
[BlackElo "2864"]
[TimeControl "180+1"]
[EndTime "8:16:39 PDT"]
[Termination "Eagle_2019 won by resignation"]

1. e4 c5 2. Nf3 Nc6 3. d4 cxd4 4. Nxd4 Nf6 5. Nc3 e6 6. Ndb5 d6 7. Bf4 e5 8. Bg5 a6 9. Na3 b5 10. Nd5 Be7 11. Bxf6 Bxf6 12. c3 Rb8 13. Nc2 Bg5 14. a4 bxa4 15. Ncb4 Nxb4 16. cxb4 O-O 17. Qxa4 Bb7 18.
Bc4 Qc8 19. Be2 a5 20. bxa5 Bxd5 21. exd5 Rxb2 22. Qc4 Bd2+ 23. Kf1 Qxc4 24. Bxc4 Bxa5 25. g4 Bb6 26. Be2 f5 27. gxf5 Rxf5 28. f3 e4 29. Rd1 exf3 30. Bd3 Rf2+ 0-1

[Event "Early-Titled-Tuesday-Blitz-March-19-2024"]
[Site "Chess.com"]
[Date "2024.03.19"]
[Round "2"]
[White "chess_blitz00"]
[Black "MuhittinBuker"]
[Result "1-0"]
[WhiteElo "2473"]
[BlackElo "2078"]
[TimeControl "180+1"]
[EndTime "8:16:39 PDT"]
[Termination "chess_blitz00 won by resignation"]

1. b3 d5 2. Bb2 c5 3. e3 Nc6 4.
Bb5 Nf6 5. Bxc6+ bxc6 6. f4 g6 7. Nf3 Bg7 8. O-O O-O 9. d3 Qc7 10. Nc3 Bg4 11. Na4 Nd7 12. Bxg7 Kxg7 13. Qe1 Bxf3 14.
Rxf3 e5 15. f5 f6 16. Qh4 Rh8 17. Rh3 h6 18. fxg6 Qd6 19. Rf1 Raf8 20. Rf5 Kxg6 21. Rh5 Kf7 22. Rxh6 Rxh6 23. Qxh6 Ke8 24. Qg6+ Kd8 25.
Rh7 Kc8 26. Qf5 Kd8 27. h4 e4 28. dxe4 dxe4 29. Qxe4 Re8 30. Qd3 Qe6 31. Nxc5 1-0

[Event "Early-Titled-Tuesday-Blitz-March-19-2024"]
[Site "Chess.com"]
[Date "2024.03.19"]
[Round "2"]
[White "Lovetov"]
[Black "FormerProdigy"]
[Result "0-1"]
[WhiteElo "2558"]
[BlackElo "2960"]
[TimeControl "180+1"]
[EndTime "8:16:42 PDT"]
[Termination "FormerProdigy won by resignation"]

1. Nf3 d5 2. e3 Nf6 3. c4 e6 4.
Nc3 b6 5. b3 Bb7 6. Bb2 Be7 7.
Qc2 c5 8. cxd5 exd5 9. d4 Nc6 10. Rd1 O-O 11. Be2 Rc8 12. Qb1 cxd4 13. Nxd4 Nxd4 14. Rxd4 Bc5 15. Ra4 d4 16. exd4 Bxd4 17. Rxa7 Bxc3+ 18. Bxc3 Rxc3 19. O-O Be4 20. Qe1 Rc2 21. Bc4 Rxc4 22. bxc4 Bd3 23. Rb7 Bxc4 24. g3 h6 25. Qb4 Bxf1 26.
Kxf1 Qd5 27. Rxb6 Qh1+ 28. Ke2 Re8+ 29. Kd3 Qf3+ 0-1

[Event "Early-Titled-Tuesday-Blitz-March-19-2024"]
[Site "Chess.com"]
[Date "2024.03.19"]
[Round "2"]
[White "Fh2411"]
[Black "Balla_Tamas"]
[Result "1-0"]
[WhiteElo "2646"]
[BlackElo "2404"]
[TimeControl "180+1"]
[EndTime "8:16:42 PDT"]
[Termination "Fh2411 won on time"]

1. d4 d5 2. c4 e6 3. Nc3 c5 4.
cxd5 exd5 5. Nf3 Nc6 6. g3 Nf6 7. Bg2 cxd4 8. Nxd4 Bc5 9. Nb3 Bb6 10. O-O d4 11. Na4 O-O 12. Bg5 Re8 13. Re1 h6 14.
Nxb6 axb6 15. Bxf6 Qxf6 16. Bxc6 bxc6 17. Qxd4 Qxd4 18.
Nxd4 c5 19. Nb5 Re7 20. e4 Bg4 21. Re3 Ra4 22. f3 Be6 23. a3 Rd7 24. Rae1 1-0

[Event "Early-Titled-Tuesday-Blitz-March-19-2024"]
[Site "Chess.com"]
[Date "2024.03.19"]
[Round "2"]
[White "Vasily85"]
[Black "randy296"]
[Result "0-1"]
[WhiteElo "2449"]
[BlackElo "2126"]
[TimeControl "180+1"]
[EndTime "8:16:43 PDT"]
[Termination "randy296 won by resignation"]

1. e4 c5 2. Nf3 d6 3. Nc3 g6 4.
d4 cxd4 5. Nxd4 Nf6 6. Be3 Bg7 7.
f3 O-O 8. Qd2 Nc6 9. Bc4 Bd7 10.
O-O-O Rc8 11. Bb3 Ne5 12. h4 Nc4 13. Bxc4 Rxc4 14. h5 Qc7 15. hxg6 fxg6 16. Bh6 Nxe4 17. fxe4 Rxd4 18. Qe3 Rxd1+ 19. Kxd1 Bxh6 20. Qxh6 Rf7 21. Kc1 Qc4 22. Qg5 Bc6 23. a3 Bxe4 24. Kb1 Rf1+ 25. Rxf1 Qxf1+ 26. Ka2 Bxc2 27. Qd5+ Qf7 28. a4 h5 29. a5 g5 30. Ka3 Qxd5 31. Nxd5 Kf7 32. a6 bxa6 33. Nb4 Be4 34. g3 h4 35. gxh4 gxh4 36. Nxa6 h3 0-1

[Event "Early-Titled-Tuesday-Blitz-March-19-2024"]
[Site "Chess.com"]
[Date "2024.03.19"]
[Round "2"]
[White "Felix-Rose"]
[Black "Orest_Vovk"]
[Result "0-1"]
[WhiteElo "2262"]
[BlackElo "2529"]
[TimeControl "180+1"]
[EndTime "8:16:44 PDT"]
[Termination "Orest_Vovk won on time"]

1. e4 g5 2. d4 g4 3. Nc3 Bg7 4. Be3 d6 5. Qd2 c6 6. O-O-O Qa5 7. h3 h5 8. hxg4 hxg4 9. Rxh8 Bxh8 10. Bc4 b5 11. Bb3 Nd7 12. Nge2 Nb6 13. Ng3 Nc4 14. Bxc4 bxc4 15. Rh1 Bg7 16. Rh7 Bf6 17. Nh5 Rb8 18. e5 dxe5 19. Nxf6+ Nxf6 20. Rh8+ Kd7 21. dxe5+ Nd5 22.
Qd1 Kc7 23. Bd4 Bf5 0-1

[Event "Early-Titled-Tuesday-Blitz-March-19-2024"]
[Site "Chess.com"]
[Date "2024.03.19"]
[Round "2"]
[White "balack95"]
[Black "abelmat"]
[Result "1-0"]
[WhiteElo "2472"]
[BlackElo "2073"]
[TimeControl "180+1"]
[EndTime "8:16:47 PDT"]
[Termination "balack95 won on time"]

1. Nf3 Nf6 2. b3 e6 3. Bb2 d5 4. e3 Be7 5. Be2 O-O 6. O-O b6 7. d4 Bb7 8. c4 Nbd7 9. Nc3 c5 10. cxd5 Nxd5 11. Rc1 Nxc3 12. Bxc3 cxd4 13. exd4 Nf6 14. Ne5 Nd5 15. Bd2 Bb4 16. Bf3 Bxd2 17. Qxd2 Rc8 18. g3 Qd6 19. Kg2 h6 20. h4 Qe7 21.
Rc4 Ba6 22. Rxc8 Rxc8 23. Rc1 Rxc1 24. Qxc1 Qc7 25. Qxc7 Nxc7 26. Nc6 Bd3 27. Nxa7 Bb1 28. a4 Bc2 29. Nc8 Bxb3 30. Nxb6 f6 31. a5 Kf8 32. Bb7 Bd5+ 33. Nxd5 exd5 34. a6 Nb5 35. Bxd5 Ke7 36. Bc6 Na7 37. d5 Kd6 38. Kf3 Nxc6 39. dxc6 Kxc6 40.
h5 Kb6 41. Kf4 Kxa6 42. Kf5 Kb6 43. Kg6 Kc6 44. Kxg7 Kd6 45. Kxf6 1-0

[Event "Early-Titled-Tuesday-Blitz-March-19-2024"]
[Site "Chess.com"]
[Date "2024.03.19"]
[Round "2"]
[White "CarlosjPineror"]
[Black "Sina_Movahed"]
[Result "0-1"]
[WhiteElo "2718"]
[BlackElo "3090"]
[TimeControl "180+1"]
[EndTime "8:16:48 PDT"]
[Termination "Sina_Movahed won by resignation"]

1. e4 c5 2. Nf3 d6 3. d4 cxd4 4. Nxd4 Nf6 5. Nc3 g6 6. Be3 a6 7. f3 h5 8. Qd2 Nbd7 9. a4 Bg7 10.
Be2 h4 11. Nd1 d5 12. exd5 Nxd5 13. Bf2 h3 14. g3 O-O 15. c4 N5f6 16. Nc3 Nc5 17. b4 e5 18. bxc5 exd4 19. Bxd4 Re8 20. O-O Ne4 21. Nxe4 Bxd4+ 22. Kh1 Bxa1 23. Qxd8 Rxd8 24.
Rxa1 Bd7 25. a5 Bc6 26. Nd6 Rd7 27. Kg1 Re7 28. Kf2 Re5 29. Rb1 Rb8 30. Rb6 Rxc5 31. Ke3 Re5+ 32. Kd3 Rxa5 33. f4 Rd8 0-1

[Event "Early-Titled-Tuesday-Blitz-March-19-2024"]
[Site "Chess.com"]
[Date "2024.03.19"]
[Round "2"]
[White "davidarenas1224"]
[Black "martinmena"]
[Result "1-0"]
[WhiteElo "2534"]
[BlackElo "2275"]
[TimeControl "180+1"]
[EndTime "8:16:48 PDT"]
[Termination "davidarenas1224 won by resignation"]

1. e4 c6 2. d4 d5 3. e5 Bf5 4. Nd2 e6 5. Nb3 Nd7 6. Nf3 Ne7 7. Be2 c5 8. c3 cxd4 9. cxd4 Nc6 10. O-O Be7 11.
a4 a5 12. Bd2 O-O 13. Bc3 Nb4 14. Ne1 Nb6 15. g4 Bg6 16. f4 f6 17. Nc5 Bxc5 18. dxc5 Nc4 19. Bxc4 dxc4 20. f5 Bf7 21. Qd6 Nd5 22.
fxe6 Bg6 23. Ng2 Qe7 24. Qxd5 Rfd8 25. exf6 gxf6 26. Qf3 f5 27. gxf5 1-0

[Event "Early-Titled-Tuesday-Blitz-March-19-2024"]
[Site "Chess.com"]
[Date "2024.03.19"]
[Round "2"]
[White "kassablanca"]
[Black "Zheenbekov86"]
[Result "1-0"]
[WhiteElo "2778"]
[BlackElo "2435"]
[TimeControl "180+1"]
[EndTime "8:16:50 PDT"]
[Termination "kassablanca won on time"]

1. e3 d5 2. d4 Nf6 3. c4 c6 4.
Nf3 g6 5. Nc3 Bg7 6. Be2 O-O 7.
O-O Nbd7 8. a4 dxc4 9. Bxc4 a5 10. e4 Nb6 11. Bb3 Bg4 12. Be3 Nfd7 13. h3 Bxf3 14. Qxf3 e5 15. d5 c5 16. Qe2 Kh8 17. Rad1 f5 18. f3 Bf6 19. d6 Bg5 20. Bf2 Bh4 21.
f4 Bxf2+ 22. Rxf2 Rc8 23. fxe5 Nxe5 24. exf5 Qf6 25. Ne4 1-0

[Event "Early-Titled-Tuesday-Blitz-March-19-2024"]
[Site "Chess.com"]
[Date "2024.03.19"]
[Round "2"]
[White "Arteler"]
[Black "Ural_bogatyr"]
[Result "0-1"]
[WhiteElo "2384"]
[BlackElo "2606"]
[TimeControl "180+1"]
[EndTime "8:16:50 PDT"]
[Termination "Ural_bogatyr won on time"]

1. Nf3 d5 2. c4 e6 3. Nc3 d4 4.
Nb5 c5 5. d3 a6 6. Na3 Nc6 7. g3 e5 8. Bg2 Nf6 9. Nd2 Be7 10. O-O O-O 11. Nc2 Bf5 12. a3 a5 13.
Rb1 a4 14. Nf3 h6 15. Bd2 e4 16. dxe4 Nxe4 17. e3 Re8 18. exd4 cxd4 19. Bf4 Bf6 20. Re1 Qd7 21. Rc1 Rad8 22. Nd2 Nc5 23. Nf3 Nd3 0-1

[Event "Early-Titled-Tuesday-Blitz-March-19-2024"]
[Site "Chess.com"]
[Date "2024.03.19"]
[Round "2"]
[White "Blitzstream"]
[Black "Crazy_girl99"]
[Result "0-1"]
[WhiteElo "2827"]
[BlackElo "2612"]
[TimeControl "180+1"]
[EndTime "8:16:51 PDT"]
[Termination "Crazy_girl99 won by checkmate"]

1. e4 e5 2. Nf3 Nc6 3. d4 exd4 4.
Nxd4 Nf6 5. Nxc6 bxc6 6. e5 Qe7 7. Qe2 Nd5 8. c4 Ba6 9. b3 g6 10. Bb2 Bg7 11. g3 O-O 12. Bg2 Rae8 13. O-O f6 14. Qd2 Nb6 15. exf6 Bxf6 16. Nc3 Qg7 17. Rfe1 Bxc4 18. Rac1 Be6 19. Ba3 Be7 20. Bxe7 Rxe7 21.
Ne4 Bd5 22. Nc5 Bxg2 23. Kxg2 Nd5 24. Rxe7 Qxe7 25. Qd3 Qg5 26. Qc4 Qf5 27. f4 Rf7 28.
Qd4 Qg4 29. Rf1 Re7 30. Ne4 Qe2+ 31. Nf2 Ne3+ 32. Kg1 Qxf1# 0-1

[Event "Early-Titled-Tuesday-Blitz-March-19-2024"]
[Site "Chess.com"]
[Date "2024.03.19"]
[Round "2"]
[White "Andrei_Skvortsov"]
[Black "Hikaru"]
[Result "0-1"]
[WhiteElo "2736"]
[BlackElo "3286"]
[TimeControl "180+1"]
[EndTime "8:16:55 PDT"]
[Termination "Hikaru won by resignation"]

1. Nc3 g6 2. d4 Bg7 3. Bf4 d6 4. Nf3 a6 5. Qd2 Nd7 6. e4 c5 7. d5 b5 8. Be2 Ngf6 9. Qe3 h6 10. h3 Bb7 11. a4 b4 12. Nd1 O-O 13. O-O Bxd5 14. exd5 Nxd5 15. Qd2 Nxf4 16. Qxf4 d5 17. Qd2 e6 18. c3 a5 19. Bb5 Nf6 20. Re1 Ne4 21. Qc2 Rc8 22. Ne3 bxc3 23. bxc3 Nxc3 24. Rac1 c4 25. Qd2 Ne4 26. Qc2 Nd6 27. Red1 Nxb5 28. axb5 Qb6 29. Qa4 Rc5 30. Nd4 Bxd4 31. Rxd4 Rxb5 32.
Rh4 h5 33. Qa1 Rb2 34. Nd1 Re2 35. Qf6 Qd8 36. Qf4 Re1+ 37. Kh2 Qb8 38. Ra1 Qxf4+ 39. Rxf4 c3 40. Rc1 c2 41. Rxc2 Rxd1 42. Ra4 Ra8 43. f4 Re1 44. g3 Re4 45. Ra3 h4 0-1

[Event "Early-Titled-Tuesday-Blitz-March-19-2024"]
[Site "Chess.com"]
[Date "2024.03.19"]
[Round "2"]
[White "AryanTari"]
[Black "LileKoridze"]
[Result "1-0"]
[WhiteElo "3001"]
[BlackElo "2445"]
[TimeControl "180+1"]
[EndTime "8:16:55 PDT"]
[Termination "AryanTari won by resignation"]

1. Nf3 Nf6 2. b3 b5 3. e4 Nxe4 4. Bxb5 Bb7 5. O-O Nf6 6. Bb2 e6 7.
Re1 Be7 8. d4 O-O 9. Bf1 c5 10. c4 cxd4 11. Nxd4 Nc6 12. Nc3 d5 13. cxd5 Nxd5 14. Nf5 Nxc3 15. Nxe7+ Qxe7 16. Bxc3 Rfd8 17. Qg4 Qf8 18. h4 Ne7 19. Bc4 Bd5 20. Bf1 Rac8 21.
Rac1 Nf5 22. h5 h6 23. Qf4 Qd6 24. Qxd6 Nxd6 25. Ba5 Rxc1 26. Rxc1 Rc8 27. Rxc8+ Nxc8 28. f3 Kf8 29. Kf2 Ke7 30. g4 Nb6 31. Ke3 Nd7 32.
Bb4+ Ke8 33. Bc3 f6 34. Bd4 Nb6 35. Bb5+ Kf7 36. Bd3 Bc6 37. Bc5 e5 38. b4 Bd5 39.
Bxb6 axb6 40. a4 Ke7 41. a5 bxa5 42. bxa5 Kd6 43. a6 Kc7 44. Be4 Bc6 45. Bxc6 Kxc6 46. Ke4 Kb6 47. Kf5 Kxa6 48. Kg6 1-0

[Event "Early-Titled-Tuesday-Blitz-March-19-2024"]
[Site "Chess.com"]
[Date "2024.03.19"]
[Round "2"]
[White "GeorgiosSouleidis"]
[Black "amylazy"]
[Result "1-0"]
[WhiteElo "2702"]
[BlackElo "2417"]
[TimeControl "180+1"]
[EndTime "8:16:55 PDT"]
[Termination "GeorgiosSouleidis won by resignation"]

1. e4 c5 2. Be2 Nc6 3. f4 e6 4. d3 d5 5. Nf3 dxe4 6. dxe4 Qxd1+ 7.
Bxd1 Nf6 8. e5 Nd5 9. c4 Ndb4 10. Nc3 Nd3+ 11. Ke2 Nxc1+ 12. Rxc1 a6 13. Bc2 Nd4+ 14. Nxd4 cxd4 15. Ne4 b5 16. Bd3 Bd7 17. Rhd1 Be7 18. c5 Bc6 19. Nd6+ Bxd6 20. cxd6 Kd7 21. Rxc6 Kxc6 22.
Be4+ Kc5 23. Rc1+ Kb6 24. Bxa8 Rxa8 25. Rc7 Rf8 26. Kd3 f6 27. Rxg7 fxe5 28. fxe5 Kc5 29. d7 Kd5 30. Re7 Rd8 31. Rxh7 Kxe5 32. h4 Kd5 33. h5 e5 34. h6 e4+ 35. Kd2 Kc4 36. b3+ Kb4 37. Rg7 Rf8 38. h7 Kc5 39. Rg8 Rf2+ 40. Ke1 e3 1-0

[Event "Early-Titled-Tuesday-Blitz-March-19-2024"]
[Site "Chess.com"]
[Date "2024.03.19"]
[Round "2"]
[White "rikchessmx"]
[Black "ExchangeAB"]
[Result "0-1"]
[WhiteElo "2273"]
[BlackElo "2530"]
[TimeControl "180+1"]
[EndTime "8:16:56 PDT"]
[Termination "ExchangeAB won by checkmate"]

1. e4 c5 2. Nf3 d6 3. d4 cxd4 4. Nxd4 Nf6 5. Nc3 a6 6. f4 g6 7. Be2 Bg7 8. g4 O-O 9. g5 Nfd7 10. Be3 Nc6 11. Nb3 b5 12. a3 Bb7 13.
Bf3 Rc8 14. Qd2 Na5 15. Nxa5 Qxa5 16. O-O Bxc3 17. bxc3 Qxc3 18. Bg4 Qxd2 19. Bxd2 e6 20. Bb4 Rxc2 21. Bxd6 Bxe4 22. Rfe1 Rg2+ 23. Kf1 Rxg4 24.
Rxe4 Rc8 25. Rd1 Nb6 26. Be5 Nd5 27. a4 b4 28. Kf2 Rc2+ 29. Kf3 Rgg2 30. Bf6 Rcf2# 0-1

[Event "Early-Titled-Tuesday-Blitz-March-19-2024"]
[Site "Chess.com"]
[Date "2024.03.19"]
[Round "2"]
[White "agvania123"]
[Black "GelmanAlexander"]
[Result "0-1"]
[WhiteElo "2400"]
[BlackElo "2709"]
[TimeControl "180+1"]
[EndTime "8:16:57 PDT"]
[Termination "GelmanAlexander won by resignation"]

1. c4 c5 2. Nc3 d6 3. Nf3 e6 4. e3 Nd7 5. d4 Ngf6 6. Be2 a6 7. O-O b6 8. b3 Bb7 9. Bb2 Rg8 10. Rc1 g5 11. Qd2 g4 12. Ne1 h5 13. dxc5 dxc5 14. Nd3 Qc7 15. Rfd1 h4 16. Nf4 O-O-O 17. Na4 Be7 18.
Bd3 h3 19. a3 Bd6 20. b4 Bxf4 21. exf4 Qc6 22. Bf1 hxg2 23. Be2 Qxa4 24. Qd6 Qc6 25. bxc5 Qxc5 26. a4 Ne4 27. Qxc5+ Ndxc5 28. a5 bxa5 29. Ba3 Rxd1+ 30. Rxd1 Rd8 31. Rxd8+ Kxd8 32. Bxg4 Nd3 33. Bf3 Nxf4 34. Bxe4 Bxe4 0-1

[Event "Early-Titled-Tuesday-Blitz-March-19-2024"]
[Site "Chess.com"]
[Date "2024.03.19"]
[Round "2"]
[White "mbojan"]
[Black "DmitriiZakurdaev"]
[Result "1-0"]
[WhiteElo "2795"]
[BlackElo "2426"]
[TimeControl "180+1"]
[EndTime "8:16:58 PDT"]
[Termination "mbojan won by checkmate"]

1. d4 d5 2. c4 e6 3. Nf3 Nf6 4. Nc3 Be7 5. Bg5 h6 6. Bxf6 Bxf6 7. e3 O-O 8. Qc2 a6 9. cxd5 exd5 10.
Be2 c6 11. O-O Re8 12. b4 Nd7 13. a4 Nb6 14. b5 cxb5 15. axb5 a5 16. Na4 Nxa4 17.
Qxa4 b6 18. Rfc1 Bg4 19. h3 Bh5 20. Rc6 Rb8 21. Rac1 Qe7 22. Qb3 Red8 23. Rc7 Rd7 24. Rxd7 Qxd7 25. Ne5 Bxe5 26. Bxh5 Bd6 27. Bf3 Rc8 28.
Rxc8+ Qxc8 29. g3 Qxh3 30. Bxd5 Qd7 31. Qc4 Qc7 32. Qb3 Kf8 33. Kg2 Bb4 34. Qd3 Qd7 35.
Qe4 a4 36. Bc4 a3 37. Qh7 Qc7 38. Qh8+ Ke7 39. Bd5 Qd6 40. Qa8 Kf6 41. Qb7 g6 42. Qxf7+ Kg5 43. f4+ Kh5 44. Bf3# 1-0

[Event "Early-Titled-Tuesday-Blitz-March-19-2024"]
[Site "Chess.com"]
[Date "2024.03.19"]
[Round "2"]
[White "yonaltimur"]
[Black "Shuvalov"]
[Result "0-1"]
[WhiteElo "2350"]
[BlackElo "2570"]
[TimeControl "180+1"]
[EndTime "8:16:58 PDT"]
[Termination "Shuvalov won by checkmate"]

1. e4 e6 2. d4 d5 3. Nc3 Bb4 4. e5 c5 5. a3 Bxc3+ 6. bxc3 Ne7 7. Qg4 Qc7 8. Qxg7 Rg8 9. Qxh7 cxd4 10. Ne2 Nbc6 11.
f4 Bd7 12. Qd3 dxc3 13. Nxc3 a6 14. Be2 Rxg2 15. Bf3 Rg8 16. Be3 Nf5 17. Bf2 Qa5 18. Ke2 Rc8 19. Rab1 Nxe5 20. fxe5 Rxc3 21. Qd2 Bb5+ 22.
Kd1 Qxa3 23. Be2 Ba4 24. Rc1 Rg2 25. Ke1 d4 26. Kf1 Bc6 27. Rg1 Rxh2 28. Rg8+ Kd7 29. Bxd4 Rf3+ 30. Bf2+ Bd5 31. Bxf3 Qxf3 32. c4 Rh1+ 33.
Rg1 Rxg1+ 34. Kxg1 Qg2# 0-1

[Event "Early-Titled-Tuesday-Blitz-March-19-2024"]
[Site "Chess.com"]
[Date "2024.03.19"]
[Round "2"]
[White "AA95"]
[Black "Alina_Gumerovna"]
[Result "1-0"]
[WhiteElo "2492"]
[BlackElo "2156"]
[TimeControl "180+1"]
[EndTime "8:16:58 PDT"]
[Termination "AA95 won by resignation"]

1. Nf3 Nf6 2. g3 c5 3. Bg2 g6 4.
O-O Bg7 5. c3 O-O 6. d4 cxd4 7.
cxd4 d6 8. Nc3 a6 9. Bg5 Nbd7 10.
Rc1 h6 11. Bf4 Rb8 12. e4 Nh5 13. Be3 e5 14. Nd5 b5 15. Qd2 Kh7 16. Rfd1 Bb7 17.
dxe5 Nxe5 18. b3 Bxd5 19. Qxd5 Nf6 20. Qxd6 Qxd6 21. Rxd6 Neg4 22. e5 Ne4 23. Rxa6 Ra8 24. Rxa8 Rxa8 25. Nd4 f5 26. exf6 Ngxf6 27. Rc7 Rxa2 28.
Bxe4 Nxe4 29. Ne6 1-0